← All builds
Front / Legion / Economy first / OBSERVED BUILD

Standard front

Legion Front build order · Supreme Isthmus

Builds a Legion Vehicle Plant immediately, fights with Lance and Barrage toward middle, and takes an Advanced Metal Extractor around 9:22 as the standard eco-first Front play.

#eco · 56 distinct matches · 24 players · 81% of Legion Front games · team won 58% of 59 · Recently observed

HOW TO PLAY IT

Key timing: Legion Vehicle Plant by 0:55

  1. Take mex and wind, then rush Legion Vehicle Plant immediately.
  2. Finish Legion Vehicle Plant fast to start Barrage and Lance.
  3. Send first units to the coast to stop leaks, not middle.
  4. Push Barrage and Lance to the coast line before moving to mid.
  5. Add Advanced Metal Extractor and keep mixed vehicle army flowing.

Phase by phase

TYPICAL OF ITS 56 GAMES
  1. 1
  2. 2
  3. 3
PLAY THE OPENING

Follow the example game's first 6:00 step by step: what to build now, what comes next, and where it goes. At 1× it keeps pace with your own game.

  1. 1

    Up to the Legion Vehicle Plant

    Economy
    • Metal Extractor2Mex
    • Wind Turbine1Wind
    Order
    1. Legion Vehicle PlantLegion Vehicle Plant after 2 mex, 1 winddone ~0:47, middle half 0:37–0:55

    By 0:24 in all: 2 mex · 1 wind

    The example game in this phase · 2 steps
    1. Mex ×2
    2. Wind
  2. 2

    Legion Vehicle Plant to 5:00

    Economy
    • Metal Extractor4Mex
    • Wind Turbine7Wind
    Builders
    • Legion Construction Vehicle2 Legion Construction Vehicle
    Army
    • Pharos3 Pharos
    • Wheelie3 Wheelie
    • Lance3 Lance
    • Barrage2 Barrage

    Some games also: Decurion (47%) · con turret (41%) · Radar Tower (37%)

    By 5:00 in all: 6 mex · 8 wind

    The example game in this phase · 26 steps
    1. Legion Bot LabLegion Bot Labdone 0:41
    2. ZagreusZagreus
    3. Wind ×2
    4. GoblinGoblin ×6
    5. Legion Construction BotLegion Construction Bot
    6. Mex
    7. Legion Construction BotLegion Construction Bot ×2
    8. KarkinosKarkinos
    9. Mex
    10. KarkinosKarkinos
    11. BallistaBallista
    12. Mex
    13. BallistaBallista ×2
    14. PharosPharos
    15. BallistaBallista
    16. PharosPharos
    17. BallistaBallista
    18. Mex
    19. ZagreusZagreus
    20. BallistaBallista ×2
    21. Legion Construction BotLegion Construction Bot ×2
    22. KarkinosKarkinos
    23. Radar TowerRadar Tower ×2
    24. BallistaBallista
    25. Con turret
    26. BallistaBallista
  3. 3

    5:00 to 10:00

    Economy
    • Metal Extractor1Mex
    • Wind Turbine17Wind
    Builders
    • Construction Turret1 Con turret
    Army
    • Pharos2 Pharos
    • Lance3 Lance

    Some games also: Decurion (46%) · Legion Construction Vehicle (46%) · energy storage (42%) · Radar Tower (41%) · Barrage (39%)

    By 10:00 in all: 7 mex · 24 wind · 1 energy storage · 2 con turret

    The example game in this phase · 51 steps
    1. BallistaBallista ×2
    2. Wind
    3. BallistaBallista
    4. Wind
    5. ZagreusZagreus
    6. Wind
    7. BallistaBallista
    8. Con turret
    9. Wind
    10. HiveHive
    11. BallistaBallista
    12. Wind ×2
    13. Legion Construction BotLegion Construction Bot
    14. Wind
    15. Legion Construction BotLegion Construction Bot
    16. Wind ×3
    17. Legion Construction BotLegion Construction Bot
    18. PharosPharos
    19. Wind ×2
    20. PharosPharos ×2
    21. Wind
    22. Advanced Metal ExtractorT2 mexdone 9:13 · typical 9:13
    23. Wind
    24. Legion DroneLegion Drone ×3
    25. Wind
    26. Legion Construction BotLegion Construction Bot
    27. Legion DroneLegion Drone
    28. Wind
    29. Con turret
    30. Legion Construction BotLegion Construction Bot
    31. Wind
    32. Energy storage
    33. Wind
    34. Legion Construction BotLegion Construction Bot
    35. Converter
    36. Wind
    37. Advanced Metal ExtractorT2 mex
    38. GoblinGoblin
    39. Wind
    40. Converter ×4
    41. Wind ×8
    42. Converter
    43. Wind ×2
    44. Converter
    45. Wind ×3
    46. Converter
    47. Wind ×5
    48. Converter ×2
    49. Wind ×5
    50. Converter ×2
    51. Wind

Counts are medians over the build's games: half of them build more, half fewer. The example game is TheGeneraI's (35 OS, 06/09/2026); pick another.

Team trades

IN AT LEAST 30% OF ITS GAMES

You hand over

Nothing regular.

You get

  • Tidal Generator4 Tidal from Pondfirst at 0:15 · in 39% of games
  • Tidal Generator4 Tidal from Pondfirst at 0:17 · in 34% of games
  • Advanced Construction Bot1 T2 con bot from Geo or Techfirst at 7:21 · in 46% of games

How it plays out

Typical game of this build, running totals by minute

Metal produced

010k20k30k
0:005:0010:0015:00

metal

Enemy metal destroyed

02.5k5k7.5k
0:005:0010:0015:00

metal

Own metal lost

05k10k
0:005:0010:0015:00

metal

59 games.

Show as table
ByMetal produced: This buildEnemy metal destroyed: This buildOwn metal lost: This build
1:0033000
2:008382123
3:0016389369
4:002737275204
5:003791660400
6:0049471490930
7:00609523701439
8:00734930131961
9:00889037552931
10:001041143813770
11:001252947474213
12:001457657794939
13:001624661086040
14:001891267966680
15:002093572128266
WHAT THE NUMBERS SAY

Standard front play, won more often than the other front position's economy-first build with less metal produced.

  • + Won 59% of games despite producing less metal than Geo sea's build.
  • − Loses more metal early than it destroys (333 lost vs 602 destroyed by 5:00 is the only positive window).
THE EXAMPLE YOU ARE READING

TheGeneraI

34.8 OS · 06/09/2026

Open source match ↗

5 received units · includes a constructor
42 metal received · 29451 energy received

Allied construction assistance is unknown. Timings are observations, not a promise of solo reproducibility.

Typical milestones

Legion Vehicle Plant0:47Middle 50%: 0:37–0:55 · n=42
Advanced Metal Extractor9:13Middle 50%: 8:38–10:20 · n=39

Played most by

Hummell13games of this buildXuunnY8games of this buildXXMACGAMERXX5games of this build[Crd]Atlas4games of this buildTheGeneraI3games of this build